 Dungeon Crawl Stone Soup version 0.28.0-43-g3370ac3207 (webtiles) character file.

Game seed: 9740352661058465936

65 Kiera the Conjurer (level 3, 0/15 HPs)
             Began as a Felid Conjurer on Mar 26, 2022.
             Shot with a sling bullet by a goblin (5 damage)
             ... led by Robin
             ... on level 2 of the Dungeon.
             The game lasted 00:08:59 (1864 turns).

Kiera the Conjurer (Felid Conjurer)                 Turns: 1864, Time: 00:08:59

Health: 0/15       AC:  1    Str:  5    XL:     3   Next: 94%
Magic:  7/7        EV: 17    Int: 25    God:
Gold:   55         SH:  0    Dex: 14    Spells: 0/6 levels left
                                        Lives:  0   Deaths: 0

rFire   . . .      SeeInvis +   (weapon unavailable)
rCold   . . .      Faith    .   (shield unavailable)
rNeg    . . .      Spirit   .   (armour unavailable)
rPois   .          Reflect  .   (helmet unavailable)
rElec   .          Harm     .   (cloak unavailable)
rCorr   .          Rampage  .   (gloves unavailable)
Will    .....                   (boots unavailable)
Stlth   ++........              (no amulet)
HPRegen 0.05/turn               b - +6 ring of intelligence
MPRegen 0.10/turn               (no ring)

@: quick
A: very small, claws 1, fangs 3, see invisible, speed 1, shaggy fur 1, stealthy
paws, no weapons or thrown items, no armour, multi-lived
a: no special abilities


You were on level 2 of the Dungeon.
You visited 1 branch of the dungeon, and saw 2 of its levels.

You collected 55 gold pieces.

Inventory:

Jewellery
 b - a +6 ring of intelligence (left paw)
Potions
 a - a potion of curing {unknown}
 d - a potion of attraction {unknown}


   Skills:
 * Level 0.8 Fighting
 * Level 3.0 Dodging
 * Level 3.4 Stealth
 * Level 0.7 Unarmed Combat
 * Level 2.2 Spellcasting
 * Level 4.3 Conjurations


You couldn't memorise any spells.
You knew the following spells:

 Your Spells              Type           Power      Damage    Failure   Level
a - Magic Dart            Conj           96%        1d7       1%          1
b - Searing Ray           Conj           48%        2d6       2%          2
c - Ignite Poison         Fire/Tmut/Pois 2%         N/A       32%         3

Your spell library contained the following spells:

 Spells                   Type           Power      Damage    Failure   Level
 Conjure Flame            Conj/Fire      13%        6-21      13%         3
 Dazzling Flash           Conj/Hex       26%        N/A       13%         3
 Fulminant Prism          Conj/Hex       6%         3d7       41%         4
 Iskenderun's Mystic Bla  Conj/Tloc      13%        2d5       41%         4
 Sticky Flame             Conj/Fire      13%        2d4       41%         4


Dungeon Overview and Level Annotations

Branches:
Dungeon (2/15)

Altars:
Sif Muna

Annotations:
D:2 Robin


Innate Abilities, Weirdness & Mutations

You have sharp claws.
You have razor-sharp teeth.
You have supernaturally acute eyesight. (SInv)
You cover ground quickly. (Speed+)
You are covered in fur. (AC +1)
Your paws help you pounce on unaware monsters.
You are incapable of wielding weapons or throwing items.
You cannot wear armour.
You gain extra lives every three experience levels.


Message History

There is a stone staircase leading up here.
There is a stone staircase leading up here.
You climb upwards.
There is a stone staircase leading down here.
There is a large open door here.
You open the door.
There is an open door here.
There is a stone staircase leading down here.
You climb downwards.
There is a stone staircase leading up here.
Robin and 4 goblins come into view.
The goblin shouts!
Robin shouts!
The goblin shouts!
Robin throws the goblin at you! The goblin closely misses you.
Aiming: Searing Ray (safe; 2% risk of failure)
Press: ? - help, Q - select action, (/) - cycle Shift-Dir - straight line, f - goblin
Aim: a goblin, wielding a +0 club (74% to hit)
Okay, then.
You closely miss the goblin.
The goblin shouts!
The goblin hits you with a +0 club.
A goblin comes into view. It is wielding a +0 dagger.
You barely miss the goblin.
The goblin unwields a +0 club.
The goblin wields a +0 hunting sling.
The goblin shoots a sling bullet.
The sling bullet hits you. The goblin misses you.
The goblin shouts!
You scratch the goblin.
The goblin is moderately wounded.
Robin throws the goblin at you! The goblin barely misses you.
The goblin misses you.
You closely miss the goblin.
The goblin is moderately wounded.
The goblin closely misses you. x2
You barely miss the goblin.
The goblin is moderately wounded.
The goblin hits you with a +0 club. The goblin barely misses you.
You scratch the goblin. You bite the goblin.
You kill the goblin!
A goblin comes into view. It is wielding a +0 dagger.
The goblin shoots a sling bullet.
The sling bullet hits you.
You die...

...#
#.####.......###....# #
...#
#.#................#....
.###
#.#.##.......###.###.###
.# #.#.##.#######
#.#.#.# .# #......###
#.#... .####.#.#.##...#
#.#>#####.#
.#......<.##.#.###
#.........#
.#.##.......)#...#
###.###### ##
############@# #.#


g.gggg.g# #.# ############# #.# #.....# #[# #.....# #.# #.....# #.# #.....#
#.###### #.....# #†.....### ###.....# #......... You could see Robin and 5
goblins.

Vanquished Creatures
  2 adders (D:2)
  2 dart slugs (D:1)
  4 bats
  4 endoplasms
  3 giant cockroaches (D:1)
  3 goblins
  3 hobgoblins
  9 jackals
  2 quokkas
  5 ball pythons
  A frilled lizard (D:1)
  2 kobolds (D:1)
40 creatures vanquished.

Notes
Turn   | Place    | Note
-------+----------+-------------------------------------------
     0 | D:1      | Kiera the Felid Conjurer began the quest for the Orb.
     0 | D:1      | Reached XP level 1. HP: 7/7 MP: 4/4
   177 | D:1      | Reached XP level 2. HP: 9/11 MP: 0/6
   180 | D:1      | Learned a level 2 spell: Searing Ray
   435 | D:1      | Reached skill level 4 in Conjurations
   913 | D:1      | Reached XP level 3. HP: 15/15 MP: 2/7
  1177 | D:2      | Found a shimmering blue altar of Sif Muna.
  1308 | D:2      | Learned a level 3 spell: Ignite Poison
  1858 | D:2      | Noticed Robin
  1864 | D:2      | Shot with a sling bullet by a goblin

Illustrated notes

Levels and vault maps discovered:
D:1:      dpeg_arrival_renting, layout_basic
D:2:      layout_basic, basic_altar, uniq_robin

Skill      XL: |  1  2  3 |
---------------+----------+-----
Conjurations   | 4 |  4.3
Stealth        | 3 |  3.4
Dodging        | 3 |  3.0
Fighting       | |  0.8
Unarmed Combat | |  0.7
Spellcasting   | |  2.2

Action                   || total
-------------------------++-------
Melee: Unarmed           ||    31
       Bite              ||     4
 Cast: Magic Dart        ||    13
       Searing Ray       ||    25
  Use: Scroll            ||     4
 Stab: Sleeping          ||     4
Armor: Skin              ||     6
Dodge: Dodged            ||    44
